 Dungeon Crawl Stone Soup version 0.24.0-123-gd5b16e6ec5 (webtiles) character file.

Game seed: 4559547607164060982, levelgen mode: deterministic

3021 onono the Destroyer (level 9, -11/47 HPs)
             Began as a Tengu Fire Elementalist on Jan 6, 2020.
             Was an Initiate of Vehumet.
             Shot with an arrow by a centaur (14 damage)
             ... on level 8 of the Dungeon.
             The game lasted 00:22:22 (7031 turns).

onono the Destroyer (Tengu Fire Elementalist)       Turns: 7031, Time: 00:22:22

Health: -11/47     AC:  6    Str:  8    XL:     9   Next: 85%
Magic:  9/19       EV: 13    Int: 20    God:    Vehumet [......]
Gold:   247        SH:  0    Dex: 14    Spells: 11/20 levels left

rFire    . . .     SeeInvis .   e - +4 spear
rCold    . . .     Gourm    .   (no shield)
rNeg     . . .     Faith    .   a - +0 robe
rPois    .         Spirit   .   (helmet restricted)
rElec    .         Reflect  .   C - +0 cloak
rCorr    .         Harm     .   (no gloves)
MR       .....                  (boots unavailable)
Stlth    +++.......             i - amulet of magic regeneration
HPRegen  0.15/turn              m - +3 ring of protection
MPRegen  0.41/turn              o - ring of stealth

@: no status effects
A: beak, talons 3, able to fly
a: Fly, Renounce Religion


You were on level 8 of the Dungeon.
You worshipped Vehumet.
Vehumet was noncommittal.
You were hungry.

You visited 2 branches of the dungeon, and saw 9 of its levels.
You also visited: Ossuary.

You collected 247 gold pieces.

Inventory:

Hand Weapons
 e - a +4 spear (weapon)
Missiles
 d - 4 javelins
 r - 3 curare-tipped darts (quivered)
 E - a throwing net
Armour
 a - a +0 robe (worn)
 k - a -2 ring mail
 C - a +0 cloak (worn)
Jewellery
 i - an amulet of magic regeneration (around neck)
 m - a +3 ring of protection (left hand)
 n - an uncursed ring of see invisible
 o - a ring of stealth (right hand)
 u - an uncursed amulet of regeneration
Wands
 b - a wand of acid (18)
 w - a wand of digging (7)
Scrolls
 g - 6 scrolls of teleportation
 h - 2 scrolls of identify
 v - 4 scrolls of remove curse
 x - 2 scrolls of fog {unknown}
 y - a scroll of fear {unknown}
 D - a scroll of immolation {unknown}
Potions
 f - 3 potions of heal wounds
 j - a potion of flight
 l - a potion of ambrosia
 p - 8 potions of curing
 q - a potion of brilliance {unknown}
 s - a potion of resistance {unknown}
 t - a potion of mutation {unknown}
 z - 2 potions of might
 A - 2 potions of magic {unknown}
 B - a potion of haste {unknown}
Comestibles
 c - 7 rations


   Skills:
 + Level 1.5 Fighting
 + Level 3.0 Dodging
 - Level 2.0 Stealth
 - Level 6.4 Spellcasting
 + Level 10.3 Conjurations
 + Level 9.3 Fire Magic


You had 11 spell levels left.
You knew the following spells:

 Your Spells              Type           Power        Failure   Level  Hunger
b - Throw Flame           Conj/Fire      #####.       1%          2    None
c - Conjure Flame         Conj/Fire      #####...     1%          3    ##.....
d - Sticky Flame          Conj/Fire      #####...     1%          4    ####...

Your spell library contained the following spells:

 Spells                   Type           Power        Failure   Level  Hunger
 Flame Tongue             Conj/Fire      #####        1%          1    None
 Magic Dart               Conj           ####         1%          1    None
 Searing Ray              Conj           #####.       1%          2    None
 Iskenderun's Mystic Bla  Conj           #####...     1%          4    ####...
 Dazzling Spray           Conj/Hex       ####..       3%          3    ##.....
 Inner Flame              Hex/Fire       ####....     4%          3    ##.....
 Fireball                 Conj/Fire      #####.....   4%          5    #####..
 Force Lance              Conj/Tloc      ####....     12%         4    ####...
 Fulminant Prism          Conj/Hex       ####......   12%         4    ####...


Dungeon Overview and Level Annotations

Branches:
Dungeon (8/15)             Temple (1/1) D:7         Ossuary (visited)
   Lair: D:8-11

Altars:
Ashenzari
Cheibriados
Dithmenos
Elyvilon
Fedhas
Gozag
Hepliaklqana
Kikubaaqudgha
Makhleb
Nemelex Xobeh
Okawaru
Qazlal
Ru
Sif Muna
Trog
Uskayaw
Vehumet
Wu Jian
Xom
Yredelemnul
Zin
The Shining One

Annotations:
D:4 exclusion: steam dragon
D:5 exclusion: steam dragon
D:8 Harold


Innate Abilities, Weirdness & Mutations

You have a beak for a mouth.
You have claws for feet.
You can fly continuously.


Message History

* * * LOW HITPOINT WARNING * * *
The centaur closely misses you.
Unknown command.
Casting: Sticky Flame (safe; 1% risk of failure)
Confirm with . or Enter, or press ? or * to list all spells.
Aiming: Sticky Flame (safe; 1% risk of failure)
Press: ? - help, Shift-Dir - straight line, f - centaur, p - centaur
Aim: a centaur, wielding a +0 shortbow The sticky flame hits the centaur.
The centaur is lightly wounded.
The centaur is covered in liquid flames!
The centaur burns! x2; The centaur hits you!
* * * LOW HITPOINT WARNING * * *
The centaur unwields a +0 shortbow.
The centaur closely misses you.
Unknown command.
The centaur burns!
The centaur stops burning.
The centaur burns!
The centaur wields a +0 shortbow.
The centaur shoots an arrow.
The arrow hits you but does no damage.
The centaur wields a +0 shortbow.
The centaur shoots an arrow.
The arrow hits you!
You die...

#.......$.#
.###.........#
............##
............# #.#
.. #.....(...#
#.# ...#
#.........# #.#
.....#..Y(.....#
#.#
......c.(......#
#.#
.#####c.@.....##
#.# ###.....##
#.# #...###
###.####
###...####<.....#
###....#......#
####........#
###......#
#....).# ########


You could see an ice beast and 2 centaurs.

Vanquished Creatures
  Pikel (D:5)
  Duvessa (D:6)
  A slave (D:4)
  2 ice beasts
  2 sky beasts (D:7)
  A black bear (D:6)
  3 ogres
  4 centaurs (D:7)
  A bullfrog (D:6)
  Dowan (D:6)
  8 scorpions
  2 howler monkeys
  2 crimson imps (D:5)
  2 centaur zombies (Ossuary)
  A centaur skeleton (D:7)
  A hound (D:5)
  2 orc priests (D:6)
  2 bullfrog skeletons
  2 orc wizards (D:6)
  Natasha (thrice) (D:2)
  3 worker ants
  A hound zombie (D:5)
  A hound skeleton (D:4)
  3 mummies (Ossuary)
  3 adders
  A howler monkey skeleton (D:5)
  3 gnolls (D:6)
  7 scorpion zombies (Ossuary)
  A shadow imp (D:6)
  A worm (D:3)
  2 dart slugs (D:3)
  7 leopard geckos
  9 orcs
  A ball python (D:2)
  5 giant cockroaches
  5 hobgoblins
  4 jackals
  4 quokkas
  8 bats
  6 frilled lizards
  5 goblins
  2 goblin zombies (Ossuary)
  2 hobgoblin zombies (Ossuary)
  8 kobolds
  3 kobold zombies (Ossuary)
  2 orc zombies (Ossuary)
  8 rats
147 creatures vanquished.

Vanquished Creatures (others)
  3 scorpions (Ossuary)
  A big kobold zombie (Ossuary)
  A goblin zombie (Ossuary)
  A hobgoblin zombie (Ossuary)
6 creatures vanquished.

Grand Total: 153 creatures vanquished

Notes
Turn   | Place    | Note
-------+----------+-------------------------------------------
     0 | D:1      | onono the Tengu Fire Elementalist began the quest for the
                  | Orb.
     0 | D:1      | Reached XP level 1. HP: 10/10 MP: 4/4
   160 | D:1      | Reached skill level 2 in Conjurations
   282 | D:1      | Reached XP level 2. HP: 15/15 MP: 0/6
   687 | D:2      | Learned a level 2 spell: Throw Flame
   699 | D:2      | Noticed Natasha
   703 | D:2      | Killed Natasha
   703 | D:2      | Reached skill level 3 in Conjurations
   703 | D:2      | Reached XP level 3. HP: 18/19 MP: 3/7
   710 | D:2      | Noticed Natasha
   713 | D:2      | Killed Natasha
   713 | D:2      | Reached XP level 4. HP: 24/24 MP: 0/8
   829 | D:2      | Noticed Natasha
   841 | D:2      | Killed Natasha
   841 | D:2      | Reached skill level 4 in Conjurations
  1211 | D:3      | Gained mutation: You can fly continuously. [Tengu growth]
  1211 | D:3      | Reached XP level 5. HP: 28/28 MP: 3/9
  1357 | D:3      | Reached skill level 5 in Fire Magic
  1757 | D:4      | Noticed a steam dragon
  1941 | D:4      | Reached skill level 5 in Conjurations
  1965 | D:4      | Learned a level 3 spell: Conjure Flame
  2249 | D:4      | Reached XP level 6. HP: 28/32 MP: 5/10
  2384 | D:5      | Entered Level 5 of the Dungeon
  2601 | D:5      | Reached skill level 6 in Conjurations
  2770 | D:5      | Learned a level 4 spell: Sticky Flame
  2781 | D:5      | Noticed Pikel
  2781 | D:5      | Noticed a slave
  2781 | D:5      | Noticed a slave
  2781 | D:5      | Noticed a slave
  2781 | D:5      | Noticed a slave
  2845 | D:4      | Killed a slave
  3047 | D:5      | Reached XP level 7. HP: 36/36 MP: 5/12
  3144 | D:5      | Noticed a steam dragon
  3468 | D:5      | Killed Pikel
  3468 | D:5      | Reached skill level 7 in Conjurations
  3468 | D:5      | Reached XP level 8. HP: 33/41 MP: 3/15
  3717 | D:6      | Reached skill level 8 in Conjurations
  3872 | D:6      | Reached skill level 5 in Spellcasting
  3969 | D:6      | Found a shimmering blue altar of Sif Muna.
  4368 | D:6      | Noticed Duvessa
  4369 | D:6      | Noticed Dowan
  4375 | D:6      | Killed Duvessa
  4375 | D:6      | Reached skill level 9 in Conjurations
  4375 | D:6      | Reached XP level 9. HP: 37/45 MP: 4/18
  4383 | D:6      | Killed Dowan
  4615 | D:7      | Found a sand-covered staircase.
  4654 | Ossuary  | Entered an ossuary
  5699 | D:7      | Noticed a +0 dagger
  5699 | D:7      | Noticed a +0 dagger
  5729 | D:7      | Found a hide-covered altar of Uskayaw.
  5749 | D:7      | Reached skill level 10 in Conjurations
  6024 | D:7      | Found a staircase to the Ecumenical Temple.
  6048 | Temple   | Entered the Ecumenical Temple
  6254 | Temple   | Became a worshipper of Vehumet
  6540 | D:7      | Reached skill level 1 in Fighting
  6788 | D:8      | Noticed Harold
  7031 | D:8      | Shot with an arrow by a centaur

Levels and vault maps discovered:
D:1:      lemuel_arrival_lava_pool, layout_basic
D:2:      layout_basic, first_ration, uniq_natasha
D:3:      layout_basic
D:4:      layout_loops_ring, kennysheep_small_spiral, uniq_crazy_yiuf_cottage
D:5:      layout_basic, uniq_pikel
D:6:      layout_basic, basic_altar, uniq_duvessa
D:7:      layout_basic, dancing_weapons_uskayaw, minmay_temple_entry_tees,
          lightli_ossuary_entry_decrepit_ruins
D:8:      layout_rooms, blue_anna_alchemist [blue_anna_fruit_fields,
          blue_anna_fruit_fields], uniq_harold
Temple:   minmay_crystal_snake_temple

Skill      XL: |  1  2  3  4  5  6  7  8  9 |
---------------+----------------------------+-----
Conjurations   | 2 3 4 5 6 7 9 10 | 10.3
Fire Magic     | 4 5 6 7 8 9 |  9.3
Spellcasting   | 3 4 5 6 |  6.4
Fighting       | 1 |  1.5
Dodging        | 3 |  3.0
Stealth        | |  2.0

Action                   |  1- 3 |  4- 6 |  7- 9 || total
-------------------------+-------+-------+-------++-------
Melee: Spear             |     2 |    90 |   114 ||   206
       Peck              |       |     7 |     8 ||    15
       Kick              |       |     8 |     9 ||    17
Throw: Javelin           |    10 |     4 |     7 ||    21
       Dart              |       |       |     2 ||     2
 Cast: Flame Tongue      |    29 |    23 |       ||    52
       Throw Flame       |     2 |    57 |   122 ||   181
       Conjure Flame     |       |     7 |    27 ||    34
       Sticky Flame      |       |     1 |    16 ||    17
  Use: Scroll            |     3 |       |     8 ||    11
 Stab: Sleeping          |       |     8 |     2 ||    10
  Eat: Chunk             |       |    11 |     7 ||    18
       Ration            |       |       |     3 ||     3
Armor: Ring mail         |     3 |    21 |    13 ||    37
       Robe              |       |       |     9 ||     9
Dodge: Dodged            |     9 |    37 |    50 ||    96
